 Dungeon Crawl Stone Soup version 0.17.1-2-g5865329 (webtiles) character file.

565 ChunderTock the Slicer (level 7, -1/61 HPs)
             Began as a Kobold Berserker on Feb 10, 2016.
             Was a Priest of Trog.
             Splashed by a jelly's acid (3 damage)
             ... on level 5 of the Dungeon.
             The game lasted 00:23:13 (6038 turns).

ChunderTock the Slicer (Kobold Berserker)           Turns: 6038, Time: 00:23:13

Health: -1/61      AC: -4    Str: 20    XL:     7   Next: 58%
Magic:  7/7        EV: 11    Int:  5    God:    Trog [***...]
Gold:   254        SH:  9    Dex: 18    Spells: 0 memorised, 6 levels left

rFire  . . .     SeeInvis .     a - +0 short sword
rCold  . . .     Clarity  .     B - +0 ring mail
rNeg   . . .     SustAt   +     e - +0 shield
rPois  .         Gourm    .     (no helmet)
rElec  .         Spirit   .     (no cloak)
rCorr  .         Warding  .     H - +0 pair of gloves
rMut   .         Rnd*Tele +     q - +0 pair of boots
MR     .....                    (no amulet)
Stlth  ..........               t - ring of teleportation (curse)
                                C - ring of sustain attributes

@: berserking, corroded equipment, very quick, not resistant to hostile
enchantments, extremely unstealthy
A: carnivore 3
a: Berserk, Trog's Hand, Burn Spellbooks, Renounce Religion, Evoke Teleportation


You were on level 5 of the Dungeon.
You worshipped Trog.
Trog was most pleased with you.
You were very full.

You visited 1 branch of the dungeon, and saw 5 of its levels.

You collected 254 gold pieces.

Inventory:

Hand Weapons
 a - a +0 short sword (weapon)
 j - a -1 dagger
 A - a +1 shortbow
 E - a +1 hand axe of venom
Missiles
 n - 7 needles of confusion
 v - 5 poisoned needles
 w - 11 arrows of flame
 y - 59 arrows
Armour
 b - a +0 animal skin
 e - a +0 shield (worn)
 q - a +0 pair of boots (worn)
 B - a +0 ring mail (worn)
 H - a +0 pair of gloves (worn)
Jewellery
 g - an uncursed ring of protection from cold
 t - a cursed ring of teleportation (right hand)
 z - an uncursed ring of wizardry
 C - a ring of sustain attributes (left hand)
Wands
 u - a wand of cold (0)
 L - a wand of random effects (23)
Scrolls
 i - 2 scrolls of identify
 k - a scroll of random uselessness
 F - 4 scrolls of teleportation
 G - 3 scrolls of remove curse
 J - a scroll of fog {unknown}
 K - a scroll of enchant armour {unknown}
Potions
 d - 2 potions of cancellation {unknown}
 f - a potion of curing
 h - 2 potions of heal wounds
 l - a potion of brilliance {unknown}
 m - a potion of agility {unknown}
 o - a potion of haste {unknown}
 r - a potion of cure mutation {unknown}
 s - a potion of mutation {unknown}
 D - a potion of berserk rage {unknown}
Comestibles
 c - 2 meat rations
 p - a chunk of flesh
 x - a beef jerky
 I - a bread ration


   Skills:
 - Level 3.4 Fighting
 * Level 10.3 Short Blades
 - Level 1.5 Armour
 - Level 2.4 Dodging
 - Level 1.0 Shields


You had 6 spell levels left.
You didn't know any spells.

Dungeon Overview and Level Annotations

Branches:
Dungeon (5/15)
 Temple: D:4-7

Altars:
Kikubaaqudgha
Makhleb
Nemelex Xobeh


Innate Abilities, Weirdness & Mutations

You are small and have problems with some larger weapons.
You are carnivorous and can eat meat at any time.


Message History

You hit the jelly but do no damage.
Your hands burn!
The jelly is moderately wounded.
The jelly hits you but does no damage.
A red film seems to cover your vision as you go berserk!
You feel yourself moving faster!
You feel mighty! The jelly hits you but does no damage.
You barely miss the jelly.
The jelly is moderately wounded.
The jelly closely misses you.
You hit the jelly. The acid corrodes you!
Your hands burn!
The jelly is severely wounded.
You hit the jelly but do no damage. The acid corrodes you!
Your hands burn!
* * * LOW HITPOINT WARNING * * *
The jelly is severely wounded.
The jelly hits you.
* * * LOW HITPOINT WARNING * * *
You are splashed with acid!
The acid burns!
* * * LOW HITPOINT WARNING * * *
You hit the jelly.
Your hands burn!
You die...

#.................##....#
#.................##.<..#
#.................##....#
####%..#######....##....#
#........##....##....#
#........##....##....###
#........##....†.......#
#.[......####..........#
#......@.# #..........#
#......J.# #.....[)...#
#........# #.....)....#
..........# #.....)....#
..........# #..........#
..........# ############
..........# #........#


You could see a jelly.

Vanquished Creatures
  Sigmund (D:3)
  A centaur (D:3)
  A crimson imp (D:5)
  An orc priest (D:5)
  2 worker ants (D:5)
  2 gnolls (D:4)
  10 adders
  A river rat (D:4)
  An ooze (D:3)
  4 worms
  12 orcs
  8 bats
  5 giant cockroaches
  6 hobgoblins
  6 quokkas
  2 giant geckos
  A giant gecko skeleton (D:4)
  2 giant gecko zombies
  A giant newt (D:4)
  6 goblins
  6 jackals
  4 kobolds
  12 rats
95 creatures vanquished.

Notes
Turn   | Place    | Note
--------------------------------------------------------------
     0 | D:1      | ChunderTock the Kobold Berserker began the quest for the Orb.
     0 | D:1      | Reached XP level 1. HP: 14/14 MP: 1/1
   174 | D:1      | Reached XP level 2. HP: 17/19 MP: 2/2
   682 | D:2      | Reached skill level 5 in Short Blades
   682 | D:2      | Reached XP level 3. HP: 4/23 MP: 3/3
  1583 | D:2      | Reached XP level 4. HP: 14/28 MP: 4/4
  1584 | D:2      | Reached ** piety under Trog
  2049 | D:2      | Reached skill level 6 in Short Blades
  2530 | D:3      | Reached skill level 1 in Shields
  2563 | D:3      | Noticed Sigmund
  3256 | D:3      | Killed Sigmund
  3256 | D:3      | Reached skill level 8 in Short Blades
  3256 | D:3      | Reached XP level 5. HP: 17/32 MP: 5/5
  3256 | D:3      | Reached XP level 6. HP: 19/37 MP: 6/6
  3593 | D:3      | Noticed a centaur
  3612 | D:3      | Killed a centaur
  3612 | D:3      | Reached skill level 9 in Short Blades
  4061 | D:3      | Found an ancient bone altar of Kikubaaqudgha.
  4381 | D:4      | Reached XP level 7. HP: 41/41 MP: 7/7
  4720 | D:4      | Reached *** piety under Trog
  4754 | D:4      | Found a glowing drain.
  5020 | D:4      | Found a sparkling altar of Nemelex Xobeh.
  5054 | D:4      | Found a burning altar of Makhleb.
  5266 | D:5      | Entered Level 5 of the Dungeon
  5512 | D:5      | Reached skill level 10 in Short Blades
  6037 | D:5      | HP: 2/61 [acid (10)]
  6038 | D:5      | Splashed by a jelly's acid

Action                   |  1- 3 |  4- 6 |  7- 9 || total
-------------------------+-------+-------+-------++-------
Melee: Short sword       |    91 |   137 |   207 ||   435
       Dagger            |    18 |       |       ||    18
Invok: Berserk           |     1 |     4 |     2 ||     7
       Trog's Hand       |       |     1 |       ||     1
Evoke: Wand              |       |     3 |       ||     3
  Use: Scroll            |     3 |     4 |       ||     7
       Potion            |       |     3 |       ||     3
 Stab: Sleeping          |     2 |     1 |       ||     3
       Invisible         |       |     2 |       ||     2
  Eat: Chunk             |     8 |    12 |    11 ||    31
